 Dungeon Crawl Stone Soup version 0.16.1-14-g82efdee (webtiles) character file.

29 karlm the Sneak (level 3, -2/28 HPs)
             Began as a Naga Wizard on Apr 11, 2015.
             Slain by an orc
             ... wielding a +0 flail
              (3 damage)
             ... on level 5 of the Dungeon.
             The game lasted 00:06:29 (1476 turns).

karlm the Sneak (Naga Wizard)                       Turns: 1476, Time: 00:06:29

Health: -2/28      AC:  2    Str:  9    XL:     3   Next: 16%
Magic:  2/7        EV:  9    Int: 19    God:
Gold:   88         SH:  0    Dex:  9    Spells: 3 memorised, 1 level left

rFire  . . .     SeeInvis +     e - +0 spear
rCold  . . .     Clarity  .     a - +0 robe
rNeg   . . .     SustAb   .     (no shield)
rPois  +         Gourm    .     b - +0 hat
rElec  .         Spirit   .     (no cloak)
rCorr  .         Warding  .     (no gloves)
rMut   .         Rnd*Tele +     (no barding)
MR     .....                    (no amulet)
Stlth  ++........               (no ring)
                                j - ring of teleportation

@: very slightly contaminated, very slow, not resistant to hostile enchantments,
unstealthy
A: spit poison, see invisible, deformed body, poison resistance, slowness 2, AC
+1
a: Spit Poison, Evoke Teleportation


You were on level 5 of the Dungeon.
You were hungry.

You visited 1 branch of the dungeon, and saw 4 of its levels.

You collected 88 gold pieces.

Inventory:

Hand weapons
 e - a +0 spear (weapon)
Missiles
 g - 62 stones (quivered)
Armour
 a - a +0 robe (worn)
 b - a +0 hat (worn)
Jewellery
 j - a ring of teleportation (left hand)
Scrolls
 k - a scroll of magic mapping
 m - a scroll of enchant weapon
 o - a scroll of amnesia
Books
 c - a book of Minor Magic

   Spells                             Type                      Level
   a - Magic Dart                     Conjuration                  1
   b - Blink                          Translocation                2
   c - Call Imp                       Summoning                    2
   d - Repel Missiles                 Charms/Air                   2
   e - Slow                           Hexes                        2
   f - Conjure Flame                  Conjuration/Fire             3
   g - Mephitic Cloud                 Conjuration/Poison/Air       3
Comestibles
 d - a bread ration


   Skills:
 - Level 1.5 Dodging
 - Level 3.0 Stealth
 - Level 3.0 Spellcasting
 + Level 2.8 Conjurations
   Level 1.0 Summonings
   Level 1.0 Translocations
 * Level 0.4 Fire Magic


You had one spell level left.
You knew the following spells:

 Your Spells              Type           Power        Failure   Level  Hunger
a - Magic Dart            Conj           ##..         6%          1    None
b - Conjure Flame         Conj/Fire      #.......     28%         3    ###....
c - Mephitic Cloud        Conj/Pois/Air  #.......     34%         3    ###....


Dungeon Overview and Level Annotations

Branches:
Dungeon (5/15)
 Temple: D:4-7

Altars:

Annotations:
D:4 Duvessa


Innate Abilities, Weirdness & Mutations

You cannot wear boots.
You can spit poison.
Your serpentine skin is tough (AC +1).
You have supernaturally acute eyesight.
Armour fits poorly on your strangely shaped body.
Your system is resistant to poisons.
You cover ground very slowly.


Message History

You feel slightly jumpy.
j - a ring of teleportation (left hand) Evoke which item? (* to show all) (? for menu, Esc to quit)
Okay, then.
Use which ability? (? or * to list)
You don't have enough magic at the moment.
The gnoll barely misses you.
The crimson imp shouts, "Return whence thou came, thou beslubbering idle-headed nightsoil!"
Use which ability? (? or * to list)
You don't have enough magic at the moment.
The gnoll shouts!
The orc barely misses you. The gnoll hits you.
* * * LOW HITPOINT WARNING * * *
The gnoll shaman calls upon its god to speed up the gnoll.
The gnoll seems to speed up.
The crimson imp blinks!
The orc barely misses you.
Use which ability? (? or * to list)
You don't have enough magic at the moment.
The orc hits you with a flail.
You die...

..'...g.+.....'..###g###..#
###...#'##.#####.##gg.....#
.....##.##)#####'##g..##..#
.....').....+..K.##..g##..#
.....#......##...##.......#
.....#+###..##'####g......#
.#+###..##..##...g....##.##
.+......##'###..o##...####
#......#...##..@##....#
#......'.)..+.........#
######.###.##...##.....# ######
#'###.##...######## #....#
+...........# #....#
#+##+###'##'##'############....#
...........................#'###
...........................'..#
...........................#'##


You could see a gnoll and an orc.

Vanquished Creatures
  2 ball pythons (D:1)
  2 giant cockroaches (D:1)
  3 hobgoblins (D:1)
  3 jackals (D:1)
  6 kobolds
  4 bats (D:1)
  A giant newt (D:2)
  4 goblins
  2 rats (D:1)
27 creatures vanquished.

Notes
Turn   | Place    | Note
--------------------------------------------------------------
     0 | D:1      | karlm, the Naga Wizard, began the quest for the Orb.
     0 | D:1      | Reached XP level 1. HP: 15/15 MP: 4/4
   322 | D:1      | Reached XP level 2. HP: 11/22 MP: 0/6
   827 | D:1      | Reached XP level 3. HP: 28/28 MP: 3/7
   832 | D:1      | Learned a level 3 spell: Conjure Flame
   836 | D:1      | Learned a level 3 spell: Mephitic Cloud
  1015 | D:2      | You fall through a shaft for 2 floors!
  1021 | D:4      | Noticed Duvessa
  1024 | D:5      | Entered Level 5 of the Dungeon
  1465 | D:5      | HP: 1/28 [gnoll (5)]
  1471 | D:5      | HP: 1/28 [gnoll (1)]
  1476 | D:5      | Slain by an orc

Action                   || total
-------------------------++-------
Melee: Spear             ||    48
 Cast: Magic Dart        ||    44
 Abil: Spit Poison       ||    16
  Use: Scroll            ||     6
       Potion            ||     2
  Eat: Chunk             ||     2
